 Dungeon Sprint DCSS version 0.30-a0-304-gdc4b735fe1 (webtiles) character file.

Game seed: 11287585376203509439

6535 mhtbhm the Earth Mage (level 11, -2/60 HPs)
             Began as a Gargoyle Earth Elementalist on Oct 21, 2022.
             Was the Champion of Vehumet.
             Slain by a merfolk
             ... wielding a +0 trident
              (13 damage)
             ... in the Dungeon (Sprint V: "Ziggurat Sprint").
             The game lasted 00:08:26 (1258 turns).

mhtbhm the Earth Mage (Gargoyle Earth Elementalist) Turns: 1258, Time: 00:08:26

Health: -2/60      AC: 14    Str: 16    XL:     11   Next: 1%
Magic:  18/26      EV:  7    Int: 32    God:    Vehumet [******]
Gold:   0          SH: 25    Dex: 12    Spells: 18/33 levels left

rFire   + . .      SeeInvis .    a - +8 lance "Wyrmbane" {slay drac, rPois rF+ rC+ AC+3}
rCold   + . .      Faith    .    c - +18 shield of the Gong {rElec rN+ Will+ EV-5}
rNeg    + + .      Spirit   .    v - +1 robe of the Shore {rPois Dex+2 Stlth+}
rPois   ∞          Reflect  .    (no helmet)
rElec   +          Harm     .    (no cloak)
rCorr   .          Rampage  .    B - +3 pair of gauntlets of War {Slay+5}
Will    +....      NoTele   +    (no boots)
Stlth   +++++.....               s - amulet of Trepidation {RegenMP *Corrode Str+4}
HPRegen 0.30/turn                u - +6 ring of intelligence
MPRegen 0.60/turn                t - +6 ring of intelligence

@: corroded
A: sickness immunity, AC +8, negative energy resistance 1, electricity
resistance, torment resistance 1, petrification resistance
a: Renounce Religion


You were in the Dungeon.
You worshipped Vehumet.
Vehumet was exalted by your worship.
You visited 1 branch

Inventory:

Hand Weapons
 a - the +8 lance "Wyrmbane" (weapon) {slay drac, rPois rF+ rC+ AC+3}
   (You found it in the Dungeon)

   It inflicts extra damage against dragons and draconians.
   AC:        It affects your AC (+3).
   rF:        It protects you from fire.
   rC:        It protects you from cold.
   rPois:     It protects you from poison.
Armour
 c - the +18 shield of the Gong (worn) {rElec rN+ Will+ EV-5}
   (You found it in the Dungeon)

   It is deafeningly noisy when blocking attacks.
   EV:        It affects your evasion (-5).
   rElec:     It insulates you from electricity.
   rN:        It protects you from negative energy.
   Will:      It increases your willpower.
 v - the +1 robe of the Shore (worn) {rPois Dex+2 Stlth+}
   (You found it in the Dungeon)

   Dex:       It affects your dexterity (+2).
   rPois:     It protects you from poison.
   Stlth:     It makes you more stealthy.
 B - the +3 pair of gauntlets of War (worn) {Slay+5}
   (You found it in the Dungeon)

   Slay:      It affects your accuracy & damage with ranged weapons and melee
   (+5).
Magical Staves
 y - a staff of earth
Jewellery
 q - the amulet "Yzuis" {RegenMP rF- rN+ Regen+ Int+6}
   (You found it in the Dungeon)

   [amulet of magic regeneration]

   It increases your rate of magic regeneration.
   Int:       It affects your intelligence (+6).
   rF:        It makes you vulnerable to fire.
   rN:        It protects you from negative energy.
   Regen:     It increases your rate of health regeneration.
 s - the amulet of Trepidation (around neck) {RegenMP *Corrode Str+4}
   (You found it in the Dungeon)

   [amulet of magic regeneration]

   It increases your rate of magic regeneration.
   Str:       It affects your strength (+4).
   *Corrode:  It may corrode you when you take damage.
 t - a +6 ring of intelligence (right hand)
 u - a +6 ring of intelligence (left hand)
 C - a +6 ring of dexterity
Wands
 x - a wand of mindburst (5)
Scrolls
 g - 4 scrolls of blinking
 m - 4 scrolls of amnesia
 n - 6 scrolls of fog
 o - 5 scrolls of identify
 p - a scroll of fear
 w - 3 scrolls of brand weapon
Potions
 b - 8 potions of magic
 d - 10 potions of heal wounds
 e - 4 potions of haste
 f - 3 potions of berserk rage
 h - 2 potions of brilliance
 i - 2 potions of invisibility
 j - 4 potions of resistance
 k - a potion of experience
 l - 5 potions of might
 A - 9 potions of curing
Miscellaneous
 r - a tin of tremorstones (1/2)
 z - a lightning rod (3/4)
 D - a phantom mirror


   Skills:
 + Level 3.0 Fighting
 + Level 7.2 Dodging
 + Level 9.3 Stealth
 + Level 0.5 Shields
 + Level 11.6 Spellcasting
 + Level 2.7 Conjurations
 + Level 2.0 Transmutations
 + Level 19.3 Earth Magic
 + Level 9.8 Evocations


You had 18 spell levels left.
You knew the following spells:

 Your Spells              Type           Power      Damage    Failure   Level
a - Sandblast             Erth           100%       2d20      0%          1
b - Passwall              Tmut/Erth      60%        N/A       1%          2
c - Stone Arrow           Conj/Erth      100%       3d13      1%          3
d - Petrify               Tmut/Erth      72%        N/A       1%          4
e - Lee's Rapid Deconstr  Erth           48%        3d23*     1%          5

Your spell library contained the following spells:

 Spells                   Type           Power      Damage    Failure   Level
 Hailstorm                Conj/Ice       27%        3d7       4%          3
 Freeze                   Ice            72%        1d8       2%          1
 Kindle Blastsparks       Fire/Tloc/Air  36%        2d13      8%          3
 Summon Small Mammal      Summ           72%        N/A       10%         1
 Fulminant Prism          Conj/Hex       13%        3d9       13%         4
 Iskenderun's Mystic Bla  Conj/Tloc      27%        2d7       13%         4
 Airstrike                Air            9%         2d(2-18)  24%         4
 Call Canine Familiar     Summ           18%        N/A       28%         3
 Summon Guardian Golem    Hex/Summ       18%        N/A       28%         3
 Arcjolt                  Conj/Air       13%        1d23      34%         5
 Lightning Bolt           Conj/Air       13%        1d27      34%         5
 Animate Dead             Necr           18%        N/A       67%         4
 Summon Lightning Spire   Summ/Air       18%        N/A       67%         4
 Silence                  Hex/Air        9%         N/A       95%         5
 Haunt                    Necr/Summ      9%         N/A       100%        7
 Infestation              Necr           9%         N/A       100%        8
 Polar Vortex             Ice            9%         N/A       100%        9


Dungeon Overview and Level Annotations

Branches:
Dungeon (1/1)

Altars:
Ashenzari
Cheibriados
Dithmenos
Elyvilon
Fedhas
Gozag
Hepliaklqana
Kikubaaqudgha
Makhleb
Nemelex Xobeh
Okawaru
Qazlal
Ru
Sif Muna
Trog
Uskayaw
Vehumet
Wu Jian
Xom
Yredelemnul
Zin
The Shining One
Jiyva
Lugonu


Innate Abilities, Weirdness & Mutations

You are immune to sickness and miasma.
Your stone body is resilient. (AC +8)
You are immune to poison.
You resist negative energy. (rN+)
You are resistant to electric shocks. (rElec)
You are resistant to unholy torment.
You are immune to petrification.


Message History

Casting: Petrify (dangerous; 1% risk of failure)
Confirm with . or Enter, or press ? or * to list all spells.
Aiming: Lee's Rapid Deconstruction (safe; 1% risk of failure)
Press: ? - help, Dir - move target An unnaturally hard rock wall.
The wall shatters!
The blast of rock fragments hits the merfolk!!!
You kill the merfolk!
Vehumet accepts your kill.
You feel your power returning.
The blast of rock fragments hits the centaur!!
The centaur is almost dead.
You block the centaur's attack.
GONNNNG!
You block the centaur's attack.
PANG!
The merfolk hits you from afar with a +0 trident!
The centaur shoots an arrow.
The arrow hits you!
Your lightning rod (3/4) has regained one charge.
Your tin of tremorstones (1/2) has regained one charge.
Your Fighting skill increases to level 3!
You have reached level 11!
Unknown command.
Casting: Lee's Rapid Deconstruction (safe; 1% risk of failure)
Confirm with . or Enter, or press ? or * to list all spells.
Aiming: Lee's Rapid Deconstruction (safe; 1% risk of failure)
Press: ? - help, Dir - move target An unnaturally hard rock wall.
The wall shatters!
The blast of rock fragments hits the centaur!!!
You kill the centaur!
Vehumet accepts your kill.
You feel your power returning. You block the centaur's attack.
BONNNG!
You block the centaur's attack.
GONNNNG!
The merfolk hits you from afar with a +0 trident!
* * * LOW HITPOINT WARNING * * *
The merfolk hits you from afar with a +0 trident!
You die...

▓..[}=[)..▓
▓...cCmc..▓
▓...mmm...▓
▓..§C.....▓
▓.C§cc....▓
▓mmc§§§§..▓
▓c▓m§§§§▓.▓
▓@.§§§§§..▓
▓▓▓▓▓▓▓▓▓▓▓


You could see 3 merfolk, a cyclops and a centaur.

Vanquished Creatures
  A deep elf sorcerer (D)
  A thrashing horror (D)
  A spriggan druid (D)
  2 toenail golems (D)
  4 draconians (D)
  A merfolk (D)
  A slime creature (D)
  2 hornets (D)
  3 spriggans (D)
  A golden eye (D)
  A naga (D)
  A floating eye (D)
  3 hell hounds (D)
  A black bear (D)
  A wolf (D)
  2 centaurs (D)
  A crimson imp (D)
  A quasit (D)
  3 jellies (D)
  An iron imp (D)
  2 iguanas (D)
  6 adders (D)
  2 shadow imps (D)
  2 ball pythons (D)
  A bat zombie (D)
  An endoplasm (D)
  A jackal (D)
  A ball python skeleton (D)
  A giant cockroach zombie (D)
  A quokka zombie (D)
50 creatures vanquished.

Notes
Turn   | Place    | Note
-------+----------+-------------------------------------------
     0 | D        | mhtbhm the Gargoyle Earth Elementalist began the quest for
                  | the Orb.
     0 | D        | Reached XP level 1. HP: 10/10 MP: 3/3
     0 | D        | Found a shimmering blue altar of Sif Muna.
     0 | D        | Found a bloodstained altar of Trog.
     0 | D        | Found a sacrificial altar of Ru.
     0 | D        | Found a stormy altar of Qazlal.
     0 | D        | Found an iron altar of Okawaru.
     2 | D        | Found a sparkling altar of Nemelex Xobeh.
     2 | D        | Found the +6 Majin-Bo {vamp, MP+6 Int+6}
     2 | D        | Found the +9 heavy crossbow "Sniper" {vorpal, Acc+∞ SInv}
     2 | D        | Found the +10 dark maul {vorpal}
     2 | D        | Found the +15 Maxwell's patent armour {-Cast -Tele rElec
                  | Will+ rCorr}
     2 | D        | Found the +18 shield of the Gong {rElec rN+ Will+ EV-5}
     2 | D        | Found the +14 obsidian axe {vorpal, Mesm Drain Fly SInv}
     2 | D        | Found the +7 great mace "Firestarter" {inner flame, rF++}
     2 | D        | Found the +6 shillelagh "Devastator" {shatter}
     2 | D        | Found the +11 plutonium sword {Contam Stlth-}
     2 | D        | Found the +8 lance "Wyrmbane" {slay drac, rPois rF+ rC+
                  | AC+3}
     2 | D        | Found the +9 sword of Zonguldrok {reap}
     2 | D        | Found the +13 scythe of Curses {drain, Drain}
     2 | D        | Found the +5 sword of Power {vorpal}
     2 | D        | Found the +7 mace of Variability {chain chaos}
     2 | D        | Found the +7 Singing Sword {vorpal, sonic wave}
     2 | D        | Found the +8 storm bow {elec, penet}
     3 | D        | Found a blossoming altar of Fedhas.
     5 | D        | Found a transporter.
     5 | D        | Found an ancient bone altar of Kikubaaqudgha.
     5 | D        | Found a viscous altar of Jiyva.
     5 | D        | Found a corrupted altar of Lugonu.
     5 | D        | Found a hazy altar of Hepliaklqana.
     5 | D        | Found a burning altar of Makhleb.
     5 | D        | Found an opulent altar of Gozag.
    67 | D        | Became a worshipper of Vehumet
    86 | D        | Entered arena 2.
    86 | D        | Noticed a toenail golem
    86 | D        | Noticed a toenail golem
    86 | D        | Found a transporter.
    97 | D        | Killed a toenail golem
    98 | D        | Reached skill level 1 in Fighting
    98 | D        | Reached skill level 5 in Stealth
    98 | D        | Reached skill level 5 in Spellcasting
    98 | D        | Reached skill level 1 in Transmutations
    98 | D        | Reached skill level 12 in Earth Magic
    98 | D        | Reached XP level 2. HP: 9/16 MP: 2/8
    98 | D        | Reached XP level 3. HP: 11/20 MP: 2/10
    98 | D        | Reached XP level 4. HP: 14/25 MP: 2/11
    98 | D        | Reached XP level 5. HP: 17/29 MP: 2/13
    98 | D        | Reached XP level 6. HP: 20/34 MP: 2/14
   101 | D        | Killed a toenail golem
   102 | D        | Reached skill level 13 in Earth Magic
   102 | D        | Reached XP level 7. HP: 23/38 MP: 2/17
   224 | D        | Learned a level 2 spell: Passwall
   228 | D        | Learned a level 3 spell: Stone Arrow
   233 | D        | Learned a level 4 spell: Petrify
   233 | D        | Entered arena 3.
   233 | D        | Found a transporter.
   235 | D        | Reached * piety under Vehumet
   235 | D        | Offered knowledge of Magic Dart by Vehumet.
   236 | D        | Reached skill level 5 in Dodging
   236 | D        | Reached skill level 14 in Earth Magic
   241 | D        | Got the ring "Xyppo" {rElec EV+4 Str+2 Dex+3}
   346 | D        | Entered arena 4.
   346 | D        | Noticed a draconian
   346 | D        | Noticed a draconian
   346 | D        | Noticed a draconian
   346 | D        | Noticed a draconian
   346 | D        | Found a transporter.
   353 | D        | Killed a draconian
   353 | D        | Reached ** piety under Vehumet
   354 | D        | Reached XP level 8. HP: 20/43 MP: 17/19
   355 | D        | Killed a draconian
   355 | D        | Killed a draconian
   356 | D        | Reached skill level 16 in Earth Magic
   356 | D        | Reached skill level 5 in Evocations
   356 | D        | Reached XP level 9. HP: 22/47 MP: 17/21
   361 | D        | Killed a draconian
   501 | D        | Entered arena 5.
   501 | D        | Found a transporter.
   503 | D        | Offered knowledge of Poisonous Vapours by Vehumet.
   503 | D        | Reached *** piety under Vehumet
   511 | D        | Got the amulet of Trepidation {RegenMP *Corrode Str+4}
   618 | D        | Entered arena 6.
   618 | D        | Found a transporter.
   620 | D        | Reached **** piety under Vehumet
   623 | D        | Reached skill level 17 in Earth Magic
   635 | D        | Got the +1 robe of the Shore {rPois Dex+2 Stlth+}
   759 | D        | Entered arena 7.
   759 | D        | Noticed a spriggan rider
   759 | D        | Noticed a spriggan rider
   759 | D        | Noticed a spriggan druid
   761 | D        | Offered knowledge of Frozen Ramparts by Vehumet.
   761 | D        | Reached ***** piety under Vehumet
   761 | D        | Killed a hornet
   761 | D        | Killed a hornet
   761 | D        | Killed a spriggan druid
   762 | D        | Reached skill level 10 in Spellcasting
   762 | D        | Reached skill level 1 in Conjurations
   762 | D        | Reached skill level 18 in Earth Magic
   762 | D        | Reached XP level 10. HP: 53/53 MP: 22/24
   765 | D        | Found a transporter.
   771 | D        | Got the amulet "Yzuis" {RegenMP rF- rN+ Regen+ Int+6}
   773 | D        | Got Tyewkydu's Omnibus of Rime and the Lungs
   889 | D        | Entered arena 8.
   889 | D        | Noticed a deep elf sorcerer
   889 | D        | Noticed a thrashing horror
   894 | D        | Killed a thrashing horror
   897 | D        | Killed a deep elf sorcerer
   897 | D        | Reached ****** piety under Vehumet
   898 | D        | Reached skill level 19 in Earth Magic
   899 | D        | Found a transporter.
  1027 | D        | Entered arena 9.
  1027 | D        | Found the +3 pair of gauntlets of War {Slay+5}
  1029 | D        | Offered knowledge of Flame Wave by Vehumet.
  1030 | D        | Paralysed by a floating eye for 2 turns
  1037 | D        | Found a transporter.
  1106 | D        | Entered arena 10.
  1115 | D        | Found a transporter.
  1247 | D        | Learned a level 5 spell: Lee's Rapid Deconstruction
  1248 | D        | Entered arena 11.
  1248 | D        | Found the +3 pair of mountain boots {steadfast, rC+}
  1248 | D        | Noticed a cyclops
  1256 | D        | Offered knowledge of Hailstorm by Vehumet.
  1258 | D        | Reached XP level 11. HP: 19/60 MP: 21/26
  1258 | D        | Slain by a merfolk

Illustrated notes

Levels and vault maps discovered:
D:        sprint_v [room_start, room_1, room_2, room_3, room_4, room_5, room_6,
          room_7, room_8, room_9, room_10, room_11, room_12, room_13, room_14,
          room_15, room_16, room_17, room_18, room_19, room_20, room_21,
          room_22, room_23, room_24, room_25, room_26, room_27]

Skill      XL: |  1  2  3  4  5  6  7  8  9 10 |
---------------+-------------------------------+-----
Fighting       | 1 2 3 |  3.0
Dodging        | 4 5 6 7 |  7.2
Stealth        | 5 6 7 8 9 |  9.3
Spellcasting   | 5 6 7 8 10 11 | 11.6
Transmutations | 1 2 |  2.0
Earth Magic    | 12 13 14 16 18 19 | 19.3
Evocations     | 2 3 4 5 7 9 |  9.8
Conjurations   | 1 2 |  2.7
Shields        | |  0.5

Action                   |  1- 3 |  4- 6 |  7- 9 | 10-12 || total
-------------------------+-------+-------+-------+-------++-------
 Cast: Sandblast         |     1 |     1 |     4 |     5 ||    11
       Stone Arrow       |       |       |     5 |       ||     5
       Lee's Rapid Decon |       |       |       |     3 ||     3
Evoke: Wand              |     4 |     3 |       |     2 ||     9
       Lightning rod     |     1 |       |    11 |    14 ||    26
       Tin of tremorston |       |       |     4 |     5 ||     9
  Use: Potion            |     1 |       |       |     2 ||     3
       Scroll            |       |       |     1 |     1 ||     2
Armor: Robe              |     1 |       |     2 |     3 ||     6
Block: Kite shield       |     2 |     2 |     2 |    16 ||    22

Table legend: (Time is in decaauts)
 A = Elapsed time spent in this place.
 B = Non-inter-level travel time spent in this place.
 C = Inter-level travel time spent in this place.
 D = Time resting spent in this place.
 E = Time spent auto-exploring this place.
 F = Levels seen in this place.
 G = Mean time per level.
                   A        B        C        D        E       F      G
               +--------+--------+--------+--------+--------+-----+--------+
         Total |   1224 |   1224 |      0 |    853 |      0 |   1 | 1224.0 |
       Dungeon |   1224 |   1224 |      0 |    853 |      0 |   1 | 1224.0 |
               +--------+--------+--------+--------+--------+-----+--------+

Top non-repeatable levels by time:
       D: 1224 daAuts
